 Dungeon Crawl Stone Soup version 0.24.0-13-gcf9b3192b9 (webtiles) character file.

Game seed: 5372597042556032285, levelgen mode: deterministic

168 Gumption the Grave Robber (level 5, -2/35 HPs)
             Began as a Human Necromancer on Nov 8, 2019.
             Was an Initiate of Sif Muna.
             Killed from afar by a jackal (36 damage)
             ... with an exploding inner flame
             ... hexed by the player character
             ... on level 4 of the Dungeon.
             The game lasted 00:30:01 (4750 turns).

Gumption the Grave Robber (Human Necromancer)       Turns: 4750, Time: 00:30:02

Health: -2/35      AC:  5    Str:  8    XL:     5   Next: 78%
Magic:  7/9        EV: 10    Int: 17    God:    Sif Muna [......]
Gold:   128        SH:  0    Dex: 13    Spells: 2/10 levels left

rFire    . . .     SeeInvis .   a - +1 dagger
rCold    . . .     Gourm    .   (no shield)
rNeg     . . .     Faith    .   s - +0 ring mail
rPois    .         Spirit   .   (no helmet)
rElec    .         Reflect  .   (no cloak)
rCorr    .         Harm     .   (no gloves)
MR       .....                  (no boots)
Stlth    +.........             (no amulet)
HPRegen  0.11/turn              (no ring)
MPRegen  0.11/turn              (no ring)

@: no status effects
A: no striking features
a: Renounce Religion


You were on level 4 of the Dungeon.
You worshipped Sif Muna.
Sif Muna was noncommittal.
You were not hungry.

You visited 1 branch of the dungeon, and saw 4 of its levels.

You collected 128 gold pieces.

Inventory:

Hand Weapons
 a - a +1 dagger (weapon)
 j - a +0 hunting sling
Missiles
 g - 7 boomerangs (quivered)
 o - 35 poisoned darts
Armour
 h - a +0 robe
 s - a +0 ring mail (worn)
Jewellery
 w - an uncursed ring of ice {unknown}
Wands
 y - a wand of iceblast (8)
Scrolls
 i - a scroll of remove curse
 k - a scroll of immolation
 l - 2 scrolls of blinking
 m - a scroll of teleportation {unknown}
 p - 3 scrolls of identify
 q - 3 scrolls of enchant weapon
 r - a scroll of fear {unknown}
 v - a scroll of enchant armour {unknown}
Potions
 b - a potion of agility
 c - a potion of curing
 d - a potion of might
 f - a potion of ambrosia {unknown}
 n - 3 potions of cancellation
 t - a potion of magic
 x - 2 potions of lignification {unknown}
Comestibles
 e - 8 rations
 u - a chunk of flesh


   Skills:
 + Level 2.0 Dodging
 - Level 2.0 Stealth
 + Level 3.3 Spellcasting
 * Level 5.8 Necromancy
 + Level 0.0 Invocations


You had 2 spell levels left.
You knew the following spells:

 Your Spells              Type           Power        Failure   Level  Hunger
a - Pain                  Necr           ###.         4%          1    None
b - Animate Skeleton      Necr           N/A          4%          1    None
c - Vampiric Draining     Necr           ###.......   14%         3    ###....
z - Regeneration          Chrm/Necr      ##........   43%         3    ###....

Your spell library contained the following spells:

 Spells                   Type           Power        Failure   Level  Hunger
 Animate Dead             Necr           N/A          43%         4    ####...


Dungeon Overview and Level Annotations

Branches:
Dungeon (4/15)
 Temple: D:4-7

Altars:
Dithmenos
Hepliaklqana
Makhleb
Okawaru
Sif Muna
Uskayaw
Vehumet
Xom


Message History

Found a scroll labeled YTHREPEICVO.
Found a stone staircase leading down.
The jackal barks!
Found a stone staircase leading down.
Casting: Animate Skeleton (safe; 4% risk of failure)
Confirm with . or Enter, or press ? or * to list all spells.
Aiming: Pain (safe; 4% risk of failure)
Press: ? - help, Shift-Dir - straight line, f - jackal
Aim: a jackal (inner flame, chance to defeat MR: 91%)
The jackal writhes in agony.
Casting: Pain (safe; 4% risk of failure)
Confirm with . or Enter, or press ? or * to list all spells.
Aiming: Pain (safe; 4% risk of failure)
Press: ? - help, Shift-Dir - straight line, f/p - jackal
Aim: a jackal (heavily wounded, inner flame, chance to defeat MR: 91%)
The jackal writhes in agony.
The jackal explodes!
The fiery explosion engulfs you!!!
Ouch! That really hurt!
You die...

......
...... .
..... .##
###... ?.
#?..h ... #
##§#§###..>
#.##.§§#...#
#....§@...#
#...>..##<#
#.#....##.#
#.......#
##...##.#
##..##.#
##.##.#
###.##.#
#......#


You could see a jackal.

Vanquished Creatures
  An orc wizard (D:3)
  A hound skeleton (D:3)
  5 adders
  An ooze (D:3)
  3 worms
  2 dart slugs (D:1)
  A leopard gecko (D:2)
  3 orcs (D:3)
  4 giant cockroaches
  8 goblins
  7 hobgoblins
  2 jackals (D:3)
  11 kobolds
  11 bats
  3 frilled lizards
  A quokka zombie (D:3)
  7 rats
71 creatures vanquished.

Vanquished Creatures (collateral kills)
  An adder (D:2)
  2 goblins (D:1)
  A hobgoblin (D:2)
  A bat (D:2)
  A rat (D:1)
6 creatures vanquished.

Grand Total: 77 creatures vanquished

Notes
Turn   | Place    | Note
-------+----------+-------------------------------------------
     0 | D:1      | Gumption the Human Necromancer began the quest for the Orb.
     0 | D:1      | Reached XP level 1. HP: 13/13 MP: 3/3
   276 | D:1      | Learned a level 1 spell: Animate Skeleton
   385 | D:1      | Reached XP level 2. HP: 16/19 MP: 1/5
  1098 | D:1      | Reached XP level 3. HP: 19/24 MP: 3/6
  1877 | D:2      | Reached skill level 5 in Necromancy
  1877 | D:2      | Reached XP level 4. HP: 15/30 MP: 0/8
  2576 | D:2      | Found a hazy altar of Hepliaklqana.
  3097 | D:2      | Learned a level 3 spell: Vampiric Draining
  3101 | D:2      | Learned a level 3 spell: Regeneration
  3203 | D:3      | Reached XP level 5. HP: 34/35 MP: 7/9
  4287 | D:3      | Found a burning altar of Makhleb.
  4671 | D:3      | Found an iron altar of Okawaru.
  4673 | D:3      | Found a shimmering altar of Xom.
  4673 | D:3      | Found a shadowy altar of Dithmenos.
  4673 | D:3      | Found a shimmering blue altar of Sif Muna.
  4687 | D:3      | Found a radiant altar of Vehumet.
  4691 | D:3      | Became a worshipper of Sif Muna the Loreminder
  4695 | D:3      | Found a hide-covered altar of Uskayaw.
  4750 | D:4      | Killed from afar by a jackal

Levels and vault maps discovered:
D:1:      kennysheep_arrival_forest, layout_loops_ring, minmay_misc_feat_alley
D:2:      layout_loops_ring, lemuel_round_altar
D:3:      layout_basic, lemuel_crystal_altar, minmay_overflow_temple_hex,
          st_stairs_9
D:4:      layout_loops_ring, first_ration

Skill      XL: |  1  2  3  4 |
---------------+-------------+-----
Necromancy     | 5 |  5.8
Spellcasting   | 3 |  3.3
Dodging        | |  2.0
Stealth        | |  2.0

Action                   |  1- 3 |  4- 6 || total
-------------------------+-------+-------++-------
Melee: Dagger            |    16 |    78 ||    94
Throw: Boomerang         |     7 |       ||     7
 Cast: Pain              |    45 |    79 ||   124
       Animate Skeleton  |    10 |    21 ||    31
  Use: Scroll            |       |     9 ||     9
       Potion            |       |     2 ||     2
 Stab: Sleeping          |     1 |       ||     1
  Eat: Chunk             |     4 |     9 ||    13
Armor: Robe              |    13 |       ||    13
       Ring mail         |       |    47 ||    47
Dodge: Dodged            |    32 |    45 ||    77
